Map: Sludge City

Players

Life

  • Race: Zerg Zerg
  • Spawn Location: 11:00

Sun

  • Race: Terran Terran
  • League: Platinum
  • Spawn Location: 9:00

Grumm

  • Race: Protoss Protoss
  • League: Gold
  • Spawn Location: 5:00

GameToTheMax

  • Race: Terran Terran
  • League: Diamond
  • Spawn Location: 5:00

VOD

Have the link to the VOD?

Description

Time

  • Played on: Jan. 27, 2016, 6:21 p.m.
  • Length: 15:14
Show
View Real Time Build Order
Export as new Build Order

Life Zerg 

Build Orders: Hatch First 

Get SALT Encoding   

  12  0:02  Drone  
  13  0:13  Overlord  
  13  0:18  Drone  
  14  0:32  Drone x2  
  16  0:38  Drone  
  17  0:55  Hatchery  
  16  0:58  Drone  
  17  1:12  Spawning Pool  
  17  1:15  Drone  
  17  1:18  Drone  
  17  1:22  Drone  
  19  1:30  Overlord  
  19  1:41  Drone  
  20  1:52  Drone  
  21  1:59  Queen  
  23  2:02  Zergling x2  
  23  2:08  Zergling x2, Queen  
  25  2:14  Drone  
  28  2:19  Drone  
  29  2:24  Drone  
  30  2:30  Drone  
  31  2:42  Drone x2  
  33  2:44  Hatchery, Overlord  
  33  2:47  Queen  
  34  2:51  Queen  
  36  3:03  Zergling x4  
  36  3:04  Zergling x2  
  39  3:12  Drone x2  
  40  3:13  Drone x3  
  40  3:17  Extractor  
  40  3:18  Extractor  
  40  3:19  Overlord  
  40  3:34  Drone  
  40  3:35  Drone x2  
  40  3:38  Overlord  
  40  3:40  Overlord  
  40  3:54  Drone x3  
  40  3:55  Drone  
  42  4:01  Extractor  
  42  4:02  Queen, Extractor  
  42  4:10  Drone  
  42  4:11  Drone x2  
  42  4:12  Drone  
  42  4:16  Drone x2  
  48  4:17  Drone  
  48  4:18  Drone  
  48  4:22  Roach Warren  
  48  4:59  Lair  
  48  5:01  Roach  
  48  5:02  Roach x7  
  48  5:04  Roach  
  48  5:06  Roach  
  68  5:15  Roach x3  
  70  5:28  Overlord x2  
  68  5:37  Drone  
  68  5:38  Drone x4  
  73  5:50  Drone  
  73  5:51  Drone  
  75  5:58  Queen  
  75  5:59  Spore Crawler  
  75  6:02  Drone, Spore Crawler  
  75  6:03  Drone x4  
  80  6:07  Drone  
  80  6:08  Drone x6  
  80  6:10  Glial Reconstitution  
  86  6:18  Evolution Chamber  
  86  6:22  Evolution Chamber  
  84  6:29  Drone  
  84  6:30  Drone x5  
  90  6:33  Overlord x5  
  90  6:38  Hydralisk Den  
  89  6:43  Queen, Extractor  
  89  6:44  Spore Crawler  
  89  6:47  Extractor  
  89  6:48  Drone x2  
  89  6:52  Drone  
  89  6:53  Drone x3  
  94  6:58  Zerg Ground Armor Level 1, Zerg Missile Weapons Level 1  
  94  7:02  Pneumatized Carapace  
  94  7:19  Hatchery  
  94  7:20  Muscular Augments  
  94  7:21  Hydralisk x2  
  94  7:22  Hydralisk x11  
  115  7:25  Overlord  
  119  7:34  Overlord x2  
  119  7:36  Overseer x2  
  119  7:37  Overseer  
  119  7:43  Drone x7  
  126  7:48  Drone  
  126  7:49  Drone x2  
  129  7:56  Drone x2  
  129  7:57  Drone  
  132  8:00  Overlord x3  
  132  8:07  Infestation Pit  
  131  8:15  Hydralisk  
  131  8:16  Hydralisk x4  
  131  8:18  Hydralisk  
  143  8:21  Overseer  
  143  8:34  Extractor  
  142  8:35  Extractor  
  141  8:50  Hatchery  
  141  8:51  Zerg Missile Weapons Level 2  
  141  8:52  Zerg Ground Armor Level 2  
  140  9:00  Drone x2, Spore Crawler  
  140  9:01  Drone  
  142  9:04  Roach  
  142  9:05  Roach x10  
  142  9:06  Roach  
  166  9:23  Overlord  
  166  9:26  Hydralisk  
  166  9:27  Hydralisk x8  
  184  9:34  Overlord x3  
  184  9:35  Overlord  
  182  9:57  Hydralisk x4  
  182  9:58  Hydralisk x7  
  182  9:59  Hydralisk  
  188  10:01  Hydralisk  
  188  10:03  Hydralisk  
  188  10:05  Hydralisk  
  190  10:18  Drone  
  190  10:19  Drone x5  
  196  10:25  Hive  
  196  10:34  Spore Crawler  
  195  10:40  Overlord  
  195  10:41  Overlord  
  195  10:42  Overlord  
  195  10:51  Hatchery  
  194  11:29  Metabolic Boost  
  194  11:30  Zerg Melee Weapons Level 1  
  194  11:39  Zerg Ground Armor Level 3  
  194  11:42  Ultralisk Cavern  
  193  11:53  Extractor  
  192  11:55  Extractor  
  185  12:41  Chitinous Plating  
  185  12:47  Drone x3  
  185  12:48  Adrenal Glands  
  188  13:40  Hatchery  
  187  13:53  Queen  
  189  14:24  Hatchery  
  196  14:48  Zergling x28  
  196  14:49  Zergling x18  
Show
View Real Time Build Order
Export as new Build Order

Sun Terran 

Build Orders: Command Center First (CC) 

Get SALT Encoding   

  12  0:01  SCV  
  13  0:16  Supply Depot  
  13  0:18  SCV  
  14  0:30  SCV  
  15  0:42  SCV  
  16  0:54  SCV  
  17  1:04  Command Center  
  17  1:16  Barracks  
  17  1:21  Barracks  
  17  1:25  Refinery, SCV  
  18  1:37  SCV  
  19  1:49  SCV  
  20  2:09  Refinery, Barracks Reactor  
  20  2:10  Orbital Command  
  20  2:15  Orbital Command, Supply Depot  
  20  2:30  Barracks  
  20  2:38  SCV  
  20  2:42  SCV  
  22  2:50  SCV  
  23  2:54  SCV  
  23  2:57  Marine  
  23  2:58  Marine  
  26  3:02  SCV  
  26  3:05  Factory  
  27  3:06  SCV  
  28  3:17  Bunker  
  28  3:18  Marine x2  
  30  3:33  Marine  
  29  3:36  Marine  
  28  3:49  Marine  
  28  3:51  Marine  
  28  3:53  Marine  
  30  3:57  Widow Mine  
  32  4:07  Marine  
  32  4:08  Bunker  
  32  4:09  Marine  
  33  4:12  Marine, Barracks  
  33  4:16  Command Center  
  33  4:17  Orbital Command  
  34  4:18  Barracks  
  34  4:20  SCV  
  35  4:25  Marine  
  35  4:26  Marine  
  12  4:54  Marine x2  
  12  5:04  Marine  
  13  5:10  Orbital Command  
  13  5:12  Marine  
  12  5:26  Marine  
  8  5:29  Orbital Command  
  8  5:31  Marine x2  
  9  5:43  Marine  
  10  5:55  SCV  
  10  5:56  SCV  
  12  6:07  SCV  
  12  6:11  SCV  
  14  6:19  SCV  
  14  6:23  SCV  
  16  6:32  SCV  
  17  6:35  SCV  
  18  6:44  Marine x2, SCV  
  21  6:47  SCV  
  21  6:48  Factory Reactor  
  21  6:51  Starport  
  22  6:56  SCV  
  22  6:59  SCV  
  24  7:02  Barracks Tech Lab  
  24  7:04  Barracks Tech Lab  
  24  7:05  Marine x2  
  24  7:08  SCV  
  27  7:11  SCV  
  28  7:20  Marine, SCV  
  28  7:22  Marine  
  30  7:23  SCV  
  32  7:30  Supply Depot  
  32  7:31  Supply Depot  
  32  7:32  SCV  
  32  7:34  Combat Shields, Stimpack  
  32  7:35  Marauder, SCV  
  36  7:39  Orbital Command  
  36  7:44  SCV  
  36  7:47  SCV  
  38  7:53  Engineering Bay  
  38  7:56  SCV  
  39  7:59  SCV  
  39  8:01  Marine x2  
  39  8:02  Orbital Command, Marauder x2  
  46  8:08  SCV  
  46  8:12  SCV  
  48  8:18  Medivac  
  50  8:21  SCV  
  50  8:24  SCV  
  52  8:32  Refinery  
  52  8:33  Refinery, SCV  
  53  8:36  SCV  
  53  8:39  Terran Infantry Weapons Level 1  
  54  8:44  Marine  
  54  8:45  Marine, SCV  
  54  8:48  SCV  
  58  8:57  SCV  
  58  8:59  SCV  
  58  9:00  SCV  
  61  9:05  Supply Depot  
  61  9:09  SCV  
  62  9:10  Marine x3  
  62  9:11  Marauder, SCV  
  62  9:12  Medivac  
  62  9:14  SCV  
  71  9:21  SCV  
  71  9:23  SCV  
  73  9:28  Barracks  
  73  9:29  Marauder, Barracks  
  73  9:30  Armory  
  75  9:32  Marine x2  
  75  9:37  SCV x3  
  80  9:45  Medivac x2  
  84  9:47  Marine  
  84  9:49  Barracks  
  85  10:14  Refinery  
  85  10:15  Refinery  
  85  10:18  Barracks Reactor  
  85  10:23  Barracks Reactor  
  85  10:26  Supply Depot  
  85  10:27  Supply Depot x2  
  85  10:28  Supply Depot  
  85  10:29  Command Center  
  85  10:47  Barracks Tech Lab  
  85  10:48  Marine x4, SCV x3  
  91  11:00  SCV x3  
  91  11:02  Marine x4  
  98  11:05  Marine x2  
  98  11:06  Marauder  
  93  11:12  SCV x3  
  93  11:15  Marine x2  
  88  11:20  Marine x2  
  88  11:23  Terran Infantry Weapons Level 2  
  88  11:24  Marauder, SCV x3  
  95  11:27  Medivac x2, Marauder  
  95  11:29  Engineering Bay  
  101  11:36  SCV  
  101  11:37  Marine x4  
  101  11:38  Marauder  
  106  11:54  Orbital Command  
  106  11:57  Marine  
  106  11:58  Marine x4  
  106  11:59  Marauder x3  
  117  12:09  Marine  
  117  12:11  Terran Infantry Armor Level 1  
  118  12:15  Marine  
  118  12:16  Marine x2  
  118  12:20  Marauder  
  123  12:34  Medivac x2  
  127  12:40  Starport  
  127  12:41  Marine x5  
  132  12:46  Barracks x2  
  132  12:47  Barracks  
  132  13:22  Starport Reactor  
  132  13:25  Command Center  
  132  13:28  Command Center  
  132  13:32  Supply Depot  
  132  13:33  Supply Depot  
  132  13:34  Supply Depot  
  132  13:51  Marine  
  132  13:52  Marine  
  132  13:53  Barracks Tech Lab, Marine x3, Barracks Reactor  
  132  13:54  Marauder x3, Barracks Tech Lab, Marine  
  122  14:09  Marine  
  123  14:10  Marine  
  123  14:11  Marine x4  
  123  14:15  Marauder x2  
  123  14:16  Marauder  
  134  14:22  Supply Depot  
  134  14:24  Supply Depot  
  134  14:26  Marine  
  134  14:28  Medivac, Marine  
  134  14:29  Medivac x3, Marine  
  145  14:37  Marauder  
  147  14:46  Marine x3  
  147  14:47  Marine x5  
  147  14:48  Marauder x4  
Show
View Real Time Build Order
Export as new Build Order

Grumm Protoss 

Build Orders:  

Get SALT Encoding   

  12  0:01  Probe (Chrono Boost)  
  13  0:16  Probe (Chrono Boost)  
  14  0:22  Pylon  
  14  0:26  Probe (Chrono Boost)  
  15  0:36  Assimilator  
  15  0:44  Gateway  
  15  0:45  Probe (Chrono Boost)  
  16  0:55  Probe (Chrono Boost)  
  17  1:04  Gateway  
  17  1:07  Probe (Chrono Boost)  
  18  1:19  Pylon  
  18  1:21  Probe (Chrono Boost)  
  19  1:31  Cybernetics Core  
  19  1:36  Zealot  
  19  1:39  Probe (Chrono Boost)  
  22  1:47  Assimilator  
  22  1:50  Probe (Chrono Boost)  
  23  2:08  Pylon  
  23  2:10  Adept (Chrono Boost)  
  23  2:11  Adept (Chrono Boost)  
  23  2:13  Warp Gate (Chrono Boost)  
  29  2:37  Adept (Chrono Boost)  
  29  2:41  Adept (Chrono Boost)  
  31  2:54  Nexus  
  31  3:00  Adept (Chrono Boost)  
  31  3:01  Probe  
  36  3:13  Adept (Chrono Boost)  
  32  3:51  Probe  
  29  4:03  Probe  
  30  4:11  Stargate  
  30  4:13  Stargate, Probe  
  30  4:14  Pylon  
  30  4:15  Probe  
  30  4:17  Assimilator  
  30  4:24  Probe  
  30  4:27  Probe  
  28  4:53  Probe x2  
  28  4:55  Oracle (Chrono Boost)  
  28  4:56  Oracle (Chrono Boost)  
  36  5:05  Probe x2  
  38  5:10  Assimilator  
  38  5:17  Probe x2  
  38  5:21  Gateway  
  40  5:22  Gateway  
  40  5:23  Pylon  
  40  5:28  Pylon  
  40  5:41  Void Ray (Chrono Boost)  
  44  5:47  Void Ray (Chrono Boost)  
  48  5:52  Forge  
  48  5:53  Forge  
  48  5:56  Pylon  
  48  6:00  Pylon, Zealot  
  48  6:01  Zealot  
  47  6:40  Probe x2  
  47  6:46  Stalker x2, Protoss Ground Weapons Level 1 (Chrono Boost)  
  52  6:49  Protoss Ground Armor Level 1 (Chrono Boost)  
  52  6:54  Void Ray x2  
  52  6:57  Probe x2  
  62  7:05  Robotics Facility  
  62  7:12  Zealot x2  
  62  7:13  Zealot x2  
  62  7:14  Pylon  
  70  7:17  Photon Cannon  
  70  7:26  Probe x2  
  70  7:28  Pylon  
  72  7:33  Twilight Council  
  72  7:37  Photon Cannon  
  72  7:41  Photon Cannon  
  72  7:49  Stalker  
  72  7:50  Stalker x2  
  78  7:51  Zealot  
  78  7:55  Observer  
  81  8:09  Charge (Chrono Boost)  
  81  8:13  Adept  
  81  8:14  Adept x3  
  89  8:43  Void Ray x2  
  89  8:45  Pylon, Immortal  
  89  8:48  Protoss Shields Level 1  
  101  9:07  Zealot x4  
  109  9:34  Immortal  
  113  9:40  Nexus  
  113  9:42  Photon Cannon  
  113  9:45  Pylon  
  61  10:10  Zealot x4  
  65  10:31  Stalker x4  
  73  10:48  Photon Cannon  
  57  11:14  Stalker x4  
  28  12:16  Probe x2  
  28  12:19  Stalker x4  
  28  12:22  Protoss Ground Weapons Level 2 (Chrono Boost)  
  36  12:23  Protoss Ground Armor Level 2 (Chrono Boost)  
  36  12:26  Immortal  
  35  12:31  Robotics Bay  
  35  12:34  Robotics Facility  
  34  13:21  Colossus (Chrono Boost)  
  34  13:22  Colossus (Chrono Boost)  
  34  13:26  Extended Thermal Lance  
  46  13:44  Zealot x3  
  50  14:21  Void Ray  
  46  14:55  Stalker  
Show
View Real Time Build Order
Export as new Build Order

GameToTheMax Terran 

Build Orders: Mech 

Get SALT Encoding   

  12  0:02  SCV  
  14  0:14  SCV  
  14  0:24  Supply Depot  
  14  0:26  SCV  
  15  0:35  Refinery  
  15  0:40  Refinery  
  15  0:46  SCV  
  16  0:54  Barracks  
  16  0:58  SCV  
  17  1:10  SCV  
  18  1:22  SCV  
  18  1:24  Barracks  
  19  1:34  SCV  
  19  1:39  Supply Depot  
  20  1:45  Barracks Reactor  
  20  1:48  SCV  
  21  2:00  SCV  
  22  2:06  Barracks  
  22  2:10  Barracks Reactor  
  22  2:14  SCV  
  23  2:23  Reaper  
  23  2:25  Reaper  
  23  2:26  SCV  
  26  2:37  Supply Depot  
  26  2:38  SCV  
  27  2:48  Reaper x2  
  29  2:53  Orbital Command  
  29  2:56  Barracks Reactor  
  29  2:59  Reaper  
  29  3:02  Reaper  
  31  3:17  Supply Depot  
  31  3:20  Reaper x2  
  33  3:31  Reaper  
  33  3:32  Reaper  
  33  3:33  Reaper  
  36  3:34  SCV, Reaper  
  38  3:41  Supply Depot  
  38  3:46  SCV  
  39  3:52  Reaper x2  
  41  4:05  Reaper x2  
  41  4:08  Reaper  
  44  4:18  Reaper  
  45  4:29  Command Center  
  45  4:53  Reaper x3  
  35  5:56  Marine x6  
  36  5:58  SCV  
  36  6:04  Factory  
  37  6:05  Factory  
  37  6:07  Factory  
  37  6:09  Orbital Command  
  37  6:10  SCV  
  38  6:14  Marine x6  
  44  6:22  SCV  
  45  6:31  Marine  
  45  6:32  Marine x5  
  51  6:40  Engineering Bay, SCV x2  
  51  6:41  Engineering Bay  
  53  6:49  Marine  
  53  6:50  Marine x5, Factory Tech Lab  
  53  6:51  Supply Depot, Factory Tech Lab  
  53  6:52  SCV x2  
  53  6:53  Supply Depot  
  61  7:02  Armory, Factory Tech Lab  
  61  7:04  SCV  
  61  7:07  Terran Infantry Armor Level 1, Marine x2, Terran Infantry Weapons Level 1  
  64  7:13  SCV  
  65  7:16  SCV  
  66  7:25  SCV  
  66  7:27  Refinery, Barracks  
  66  7:28  Refinery, SCV  
  68  7:37  SCV  
  68  7:40  SCV  
  70  7:47  Command Center  
  70  7:50  Siege Tank  
  73  7:52  SCV  
  73  7:54  Siege Tank  
  77  8:00  Siege Tank  
  77  8:04  Marine x2  
  82  8:06  Marine  
  83  8:19  Marine  
  84  8:21  Barracks Tech Lab  
  84  8:35  Thor  
  90  8:46  SCV x2  
  92  8:58  SCV x2  
  92  8:59  Planetary Fortress  
  94  9:05  Thor  
  94  9:07  Marine x4  
  94  9:08  Marine x3  
  107  9:10  SCV x2  
  107  9:14  Combat Shields  
  107  9:17  Refinery  
  109  9:19  Refinery  
  109  10:07  Terran Infantry Weapons Level 2  
  109  10:17  Terran Infantry Armor Level 2  
  109  10:25  Marine x7, SCV x3, Thor  
  109  10:26  Supply Depot  
  125  10:30  Supply Depot  
  125  10:34  Terran Vehicle Weapons Level 1  
  125  10:47  SCV x2, Thor  
  133  10:50  Armory  
  133  10:52  SCV  
  134  11:00  SCV x2  
  136  11:04  SCV  
  137  11:12  SCV x2  
  137  11:16  SCV  
  140  11:21  Thor x2  
  140  11:24  SCV x2  
  140  11:25  Supply Depot  
  154  11:28  Supply Depot, Stimpack, SCV  
  155  11:36  SCV x2  
  157  11:46  Marine x2  
  157  11:47  Marine x3, Siege Tank  
  162  11:49  Marine  
  164  12:23  Thor  
  164  12:26  Marine  
  164  12:27  Marine x2  
  173  12:31  Terran Infantry Weapons Level 3  
  173  12:48  Terran Vehicle Weapons Level 2  
  173  13:10  Terran Vehicle And Ship Armor Level 1  
  173  13:14  Supply Depot, Marine x2, Thor  
  173  13:16  Supply Depot  
  173  13:17  Supply Depot  
  173  13:19  Supply Depot  
  180  13:35  Thor  
  185  14:10  Command Center  
  185  14:21  Thor x2  
  146  14:52  SCV  
  135  14:53  SCV  
Tags
 
Add a new tag
Caveats
  • Supply blocks, unpowered buildings, or Contaminate may cause inaccurate times.
  • Supply counts are checked every 10 seconds.